 Dungeon Crawl Stone Soup version 0.23.0 (webtiles) character file.

Game seed: 5952792023240348475

196634 Infinimo the Wrestler (level 17, -2/166 HPs)
             Began as a Minotaur Monk on Feb 9, 2019.
             Was the Champion of Makhleb.
             Slain by a wolf spider (8 damage)
             ... on level 2 of the Spider Nest.
             The game lasted 00:46:59 (32626 turns).

Infinimo the Wrestler (Minotaur Monk)              Turns: 32626, Time: 00:47:00

Health: -2/166     AC: 26    Str: 26    XL:     17   Next: 75%
Magic:  16/16      EV:  9    Int: 10    God:    Makhleb [******]
Gold:   1210       SH: 18    Dex: 14    Spells: 16/16 levels left

rFire    + . .     SeeInvis .     - Unarmed
rCold    + + .     Gourm    .   y - +3 shield {AC+3}
rNeg     + . .     Faith    .   F - +1 plate armour
rPois    +         Spirit   .   c - +0 hat
rElec    .         Reflect  .   L - scarf {rC+ rF+}
rCorr    .         Harm     .   V - +2 pair of gloves
MR       +....                  q - +1 pair of boots
Stlth    ..........             N - amulet of Piakkuci {rN+ Regen+ Int+3}
HPRegen  0.77/turn              R - ring of Cusabb {rC+ Str+4 Slay+4}
MPRegen  0.15/turn              K - ring of poison resistance

@: slowed, studying Armour, very slow
A: retaliatory headbutt, horns 2
}: 1/15 runes: decaying
a: Minor Destruction, Lesser Servant of Makhleb, Major Destruction, Greater
Servant of Makhleb, Renounce Religion


You were on level 2 of the Spider Nest.
You worshipped Makhleb.
Makhleb was exalted by your worship.
You were hungry.

You visited 6 branches of the dungeon, and saw 30 of its levels.
You also visited: Bailey and Gauntlet.

You collected 3176 gold pieces.
You spent 1966 gold pieces at shops.

Inventory:

Armour
 c - a +0 hat (worn)
 q - a +1 pair of boots (worn)
 y - a +3 shield of protection (worn)
 F - a +1 plate armour (worn)
 L - a scarf of resistance (worn)
 V - a +2 pair of gloves (worn)
Jewellery
 t - an uncursed ring of protection from fire
 K - a ring of poison resistance (right hand)
 N - the amulet of Piakkuci (around neck) {rN+ Regen+ Int+3}
   (You found it in a Gauntlet)

   [amulet of regeneration]

   It affects your intelligence (+3).
   It protects you from negative energy.
   It increases your rate of regeneration.
 O - an uncursed ring of resist corrosion
 R - the ring of Cusabb (left hand) {rC+ Str+4 Slay+4}
   (You bought it in a shop on level 2 of the Orcish Mines)

   [ring of slaying]

   It affects your strength (+4).
   It affects your accuracy and damage with ranged weapons and melee attacks
   (+4).
   It protects you from cold.
 W - an uncursed ring of positive energy
Wands
 f - a wand of digging (24)
 u - a wand of acid (34)
 B - a wand of iceblast (13)
 M - a wand of scattershot (4)
 Q - a wand of flame (78)
Scrolls
 a - 5 scrolls of magic mapping
 d - 17 scrolls of teleportation
 e - 14 scrolls of remove curse
 g - 3 scrolls of vulnerability
 o - 5 scrolls of amnesia
 s - 5 scrolls of fog
 w - 3 scrolls of fear
 x - 14 scrolls of identify
 A - 3 scrolls of blinking
 E - 4 scrolls of enchant armour
 I - 3 scrolls of enchant weapon
Potions
 h - 8 potions of heal wounds
 i - 10 potions of curing
 j - 4 potions of mutation
 k - 4 potions of agility
 l - 5 potions of magic
 m - 7 potions of might
 n - 4 potions of degeneration
 p - 3 potions of cancellation
 r - 3 potions of ambrosia
 v - 3 potions of haste
 z - 4 potions of lignification
 C - a potion of berserk rage
 D - 9 potions of flight
 H - 2 potions of brilliance
 J - a potion of invisibility
Books
 P - a manual of Armour
Miscellaneous
 G - a lightning rod (4/4)
Comestibles
 b - 75 rations


   Skills:
 + Level 18.5 Fighting
 * Level 13.2 Armour
 - Level 3.2 Dodging
 - Level 1.5 Stealth
 + Level 16.9 Shields
 * Level 22.8 Unarmed Combat


You had 16 spell levels left.
You didn't know any spells.
Your spell library contained the following spells:

 Spells                   Type           Power        Failure   Level  Hunger
 Confusing Touch          Hex            #.....       96%         1    ##.....
 Flame Tongue             Conj/Fire      #....        96%         1    ##.....
 Magic Dart               Conj           #...         96%         1    ##.....
 Sandblast                Erth           #.....       96%         1    ##.....
 Sting                    Conj/Pois      #...         96%         1    ##.....
 Blink                    Tloc           N/A          99%         2    ###....
 Call Imp                 Summ           #.......     99%         2    ###....
 Corpse Rot               Necr           N/A          99%         2    ###....
 Passwall                 Tmut/Erth      #.......     99%         2    ###....
 Poisonous Vapours        Pois/Air       #.....       99%         2    ###....
 Searing Ray              Conj           #.....       99%         2    ###....
 Slow                     Hex            #.......     99%         2    ###....
 Throw Flame              Conj/Fire      #.....       99%         2    ###....
 Confuse                  Hex            #.......     100%        3    ####...
 Conjure Flame            Conj/Fire      #.......     100%        3    ####...
 Dazzling Spray           Conj/Hex       #.....       100%        3    ####...
 Gell's Gravitas          Tloc           #.........   100%        3    ####...
 Inner Flame              Hex/Fire       #.......     100%        3    ####...
 Mephitic Cloud           Conj/Pois/Air  #.......     100%        3    ####...
 Stone Arrow              Conj/Erth      #.....       100%        3    ####...
 Cause Fear               Hex            #.........   100%        4    #####..
 Force Lance              Conj/Tloc      #.......     100%        4    #####..
 Fulminant Prism          Conj/Hex       #.........   100%        4    #####..
 Iskenderun's Mystic Bla  Conj           #.......     100%        4    #####..
 Leda's Liquefaction      Hex/Erth       #.........   100%        4    #####..
 Olgreb's Toxic Radiance  Pois           #.......     100%        4    #####..
 Petrify                  Tmut/Erth      #.......     100%        4    #####..
 Sticky Flame             Conj/Fire      #.......     100%        4    #####..
 Bolt of Magma            Conj/Fire/Erth #.........   100%        5    ######.
 Fireball                 Conj/Fire      #.........   100%        5    ######.
 Lee's Rapid Deconstruct  Erth           #.........   100%        5    ######.
 Metabolic Englaciation   Hex/Ice        #.........   100%        5    ######.
 Summon Forest            Summ/Tloc      #.........   100%        5    ######.
 Venom Bolt               Conj/Pois      #.........   100%        5    ######.
 Yara's Violent Unravell  Hex/Tmut       #.........   100%        5    ######.
 Bolt of Fire             Conj/Fire      #.........   100%        6    #######
 Hydra Form               Tmut           #.........   100%        6    #######
 Iron Shot                Conj/Erth      #.........   100%        6    #######
 Statue Form              Tmut/Erth      #........    100%        6    #######
 Dragon Form              Tmut           #.........   100%        7    #######
 Summon Hydra             Summ           #.........   100%        7    #######
 Dragon's Call            Summ           #.........   100%        9    #######
 Shatter                  Erth           #.........   100%        9    #######


Dungeon Overview and Level Annotations

Branches:
Dungeon (15/15)            Temple (1/1) D:5            Lair (6/6) D:9
  Swamp (4/4) Lair:4       Spider (2/4) Lair:3        Slime (0/5) Lair:6
    Orc (2/2) D:10            Elf (0/3) Orc:2        Vaults (0/5) D:14
 Depths (0/5) D:15

Altars:
Ashenzari
Cheibriados
Dithmenos
Elyvilon
Fedhas
Gozag
Hepliaklqana
Kikubaaqudgha
Makhleb
Nemelex Xobeh
Okawaru
Qazlal
Ru
Sif Muna
Trog
Uskayaw
Vehumet
Wu Jian
Xom
Yredelemnul
Zin
The Shining One
Beogh
Jiyva

Shops:
D:6 *   D:14 *   Orc:1 [   Orc:2 %!:(=

Portals:
Pandemonium: Orc:2

Annotations:
D:12 2 runed translucent doors
Lair:6 1 runed translucent door


Innate Abilities, Weirdness & Mutations

You reflexively headbutt those who attack you in melee.
You have a pair of horns on your head.


Message History

The jumping spider pounces on you!
You are even more entangled.
The spark wasp stings you! The spark wasp shocks you!
* * * LOW HITPOINT WARNING * * *
The jumping spider leaps! x2; You furiously retaliate!
You headbutt the redback!
Unknown command.
The web tears apart.
The spark wasp bursts into living lightning!
The living lightning hits you!!
* * * LOW HITPOINT WARNING * * *
The spark wasp blinks!
You block the wolf spider's attack. x2
Unknown command.
As you read the scroll of fear, it crumbles to dust.
You assume a fearsome visage.
The jumping spider looks frightened!
The wolf spider looks frightened!
The torpor snail looks frightened!
The spark wasp looks frightened!
The orb spider looks frightened! x2
The wolf spider easily resists.
The redback looks frightened!
The orb spider looks frightened!
The orb spider resists with some effort.
The jumping spider leaps!
The wolf spider hits you!
You die...

.... ..... .......
#.... ....... ^...
.....(.##...
.......#...
.....s.#^s ####.
....s..s†###......
......w.s†<.......
.......@.†s..y....
[.....s°........%.
..................
....(..s...#≈####≈
...○.........).
^......%........
........s.......
...............


You could see a spark wasp (fleeing), a torpor snail (fleeing), 2 wolf spiders,
4 orb spiders, 2 jumping spiders and a redback (fleeing).

Vanquished Creatures
  A thorn hunter (Swamp:1)
  A frost giant (D:15)
  An orc warlord (Orc:1)
  Nessos (D:13)
  A minotaur (Gauntlet)
  Snorg (Lair:5)
  6 dire elephants (Lair:6)
  Josephine (D:10)
  A fire dragon (Lair:5)
  2 ogre magi
  Erolcha (D:9)
  Fannar (Lair:2)
  16 hydras
  A ghost crab (Swamp:3)
  6 shambling mangroves
  3 death knights
  6 two-headed ogres
  8 centaur warriors
  A catoblepas (D:15)
  An anaconda (Lair:6)
  8 death yaks
  18 alligators
  Urug (Orc:2)
  9 orc high priests
  Nergalle (Lair:3)
  9 skeletal warriors (D:13)
  2 infernal demonspawn (Orc:2)
  3 unseen horrors
  A spriggan druid (Swamp:3)
  A wizard (D:14)
  10 swamp dragons
  An obsidian statue (D:15)
  A torturous demonspawn (Orc:2)
  Pikel (D:9)
  An orange crystal statue (D:12)
  A necromancer (D:14)
  9 orc knights
  9 ugly things
  5 orb spiders (Spider:1)
  8 orc sorcerers
  13 wolf spiders
  2 oklob plants (Lair:1)
  3 cyclopes
  5 centaur zombies
  A manticore (D:13)
  4 black mambas
  Joseph (Lair:1)
  Maurice (D:9)
  28 elephants
  An orange demon (Orc:2)
  A water nymph (shapeshifter) (Gauntlet)
  A rust devil (Orc:2)
  A black mamba (shapeshifter) (Gauntlet)
  A gargoyle (D:12)
  2 torpor snails (Spider:1)
  A yaktaur (D:15)
  12 spiny frogs
  3 demonic crawlers (Spider:1)
  A freezing wraith (D:14)
  6 rime drakes
  9 komodo dragons
  A tengu conjurer (D:14)
  14 jumping spiders
  A red devil (Orc:2)
  6 meliai
  15 trolls
  18 hornets
  9 tyrant leeches
  A polar bear (Lair:3)
  24 slime creatures
  14 hippogriffs
  Grinder (D:4)
  16 blink frogs
  A hornet (shapeshifter) (D:15)
  4 bog bodies
  A dream sheep (Lair:5)
  7 wyverns
  23 redbacks
  A spriggan (D:12)
  4 shadows
  9 wraiths
  9 tarantellas
  2 vampires
  37 yaks
  Eustachio (D:6)
  A basilisk (Lair:6)
  A human (shapeshifter) (D:14)
  3 hungry ghosts
  9 vampire mosquitoes
  A chaos spawn (Orc:2)
  3 wargs
  13 insubstantial wisps
  2 soldier ants
  14 swamp worms
  A soldier ant (shapeshifter) (Gauntlet)
  An acid dragon (D:13)
  12 water moccasins
  5 porcupines
  49 orc warriors
  4 sky beasts
  15 swamp drakes
  4 black bears
  A hornet zombie (D:14)
  4 ice beasts
  4 phantoms
  21 ogres
  2 slaves (D:9)
  An eye of draining (D:14)
  18 wolves
  11 crocodiles
  12 centaurs
  4 big kobolds
  22 bullfrogs
  Blork the orc (D:4)
  2 gnoll sergeants (D:10)
  5 scorpions
  6 wights
  25 killer bees
  A howler monkey (D:5)
  10 electric eels
  6 crimson imps
  5 hounds
  2 bullfrog zombies
  5 centaur skeletons
  3 bullfrog skeletons
  18 orc priests
  3 jellies
  16 orc wizards
  5 iguanas
  9 worker ants
  4 hound skeletons
  A howler monkey skeleton (D:4)
  A howler monkey zombie (D:8)
  A worker ant zombie (D:10)
  12 adders
  4 gnolls
  4 shadow imps
  An ooze (D:1)
  3 adder zombies
  An adder skeleton (D:5)
  4 dart slugs
  A worm (D:2)
  7 leopard geckos
  91 orcs
  2 ball pythons
  4 giant cockroaches
  18 goblins
  15 hobgoblins
  16 jackals
  11 kobolds
  4 quokkas
  4 bats
  4 frilled lizards
  A jackal skeleton (D:5)
  A leopard gecko skeleton (D:4)
  6 rats
  A bush (D:15)
  A fungus (Lair:3)
  6 plants
1064 creatures vanquished.

Vanquished Creatures (others)
  3 tyrant leeches
  A swamp worm (Swamp:4)
  2 swamp drakes (Swamp:4)
  An orc priest (Orc:2)
  An iguana (D:9)
  An adder (D:9)
  8 fungi
  10 plants
27 creatures vanquished.

Grand Total: 1091 creatures vanquished

Notes
Turn   | Place    | Note
-------+----------+-------------------------------------------
     0 | D:1      | Infinimo the Minotaur Monk began the quest for the Orb.
     0 | D:1      | Reached XP level 1. HP: 19/19 MP: 0/0
   172 | D:1      | Reached XP level 2. HP: 27/27 MP: 1/1
   196 | D:1      | Reached skill level 4 in Unarmed Combat
   444 | D:1      | Reached XP level 3. HP: 32/33 MP: 2/2
  1066 | D:2      | Reached XP level 4. HP: 41/41 MP: 3/3
  1607 | D:3      | Reached skill level 5 in Unarmed Combat
  1784 | D:3      | Found a glowing silver altar of Zin.
  2171 | D:3      | Reached XP level 5. HP: 47/47 MP: 4/4
  2405 | D:4      | Noticed Grinder
  2419 | D:4      | Reached skill level 5 in Fighting
  2426 | D:4      | Killed Grinder
  2426 | D:4      | Reached skill level 6 in Unarmed Combat
  2426 | D:4      | Reached XP level 6. HP: 9/57 MP: 5/5
  2794 | D:4      | Reached skill level 7 in Unarmed Combat
  2959 | D:4      | Noticed Blork the orc
  2968 | D:4      | Killed Blork the orc
  2968 | D:4      | Reached XP level 7. HP: 63/63 MP: 6/6
  3074 | D:4      | Found a basalt altar of Yredelemnul.
  3077 | D:4      | Found a snail-covered altar of Cheibriados.
  3077 | D:4      | Found an iron altar of Okawaru.
  3094 | D:4      | Found a shimmering altar of Xom.
  3094 | D:4      | Found a snail-covered altar of Cheibriados.
  3094 | D:4      | Found a glowing silver altar of Zin.
  3195 | D:4      | Reached skill level 8 in Unarmed Combat
  3794 | D:5      | Entered Level 5 of the Dungeon
  4013 | D:5      | Found a staircase to the Ecumenical Temple.
  4148 | Temple   | Entered the Ecumenical Temple
  4376 | Temple   | Became a worshipper of Makhleb the Destroyer
  4376 | Temple   | Reached * piety under Makhleb
  4376 | Temple   | Reached ** piety under Makhleb
  4656 | D:6      | Reached skill level 9 in Unarmed Combat
  4656 | D:6      | Reached XP level 8. HP: 60/73 MP: 7/7
  4661 | D:6      | Found a shadowy altar of Dithmenos.
  5191 | D:6      | Found Wulutedo's General Store.
  5364 | D:6      | Found a radiant altar of Vehumet.
  5364 | D:6      | Found a glowing golden altar of the Shining One.
  5422 | D:6      | Noticed Eustachio
  5444 | D:6      | Killed Eustachio
  5547 | D:6      | Identified a scroll of acquirement
  5778 | D:7      | Reached skill level 10 in Unarmed Combat
  6301 | D:7      | Reached XP level 9. HP: 82/82 MP: 8/8
  6378 | D:7      | Reached skill level 11 in Unarmed Combat
  6747 | D:7      | Reached *** piety under Makhleb
  7709 | D:9      | Noticed Maurice
  7792 | D:9      | Reached skill level 1 in Shields
  7793 | D:9      | Noticed Pikel
  8223 | D:9      | Killed Pikel
  8223 | D:9      | Reached skill level 12 in Unarmed Combat
  8262 | D:9      | Noticed a troll
  8270 | D:9      | Killed a troll
  8301 | D:9      | Reached skill level 10 in Fighting
  8647 | D:9      | Killed Maurice
  8647 | D:9      | Reached XP level 10. HP: 88/93 MP: 9/9
  8740 | D:9      | Noticed Erolcha
  8747 | D:9      | Killed Erolcha
  8747 | D:9      | Reached skill level 5 in Shields
  8747 | D:9      | Reached skill level 13 in Unarmed Combat
  8780 | D:9      | Found a staircase to the Lair.
  9267 | D:10     | Entered Level 10 of the Dungeon
  9337 | D:10     | Noticed a two-headed ogre
  9345 | D:10     | Killed a two-headed ogre
  9476 | D:10     | Found a staircase to the Orcish Mines.
  9485 | D:10     | Reached **** piety under Makhleb
  9514 | D:10     | Reached skill level 14 in Unarmed Combat
  9524 | D:10     | Reached XP level 11. HP: 69/102 MP: 10/10
  9712 | D:10     | Noticed Josephine
  9722 | D:10     | Killed Josephine
  9997 | D:10     | Noticed a two-headed ogre
 10008 | D:10     | Killed a two-headed ogre
 10185 | D:10     | Noticed a death knight
 10200 | D:10     | Killed a death knight
 10542 | D:10     | Reached skill level 15 in Unarmed Combat
 10576 | D:11     | Noticed a brown ugly thing
 10589 | D:11     | Killed a brown ugly thing
 10794 | D:11     | Reached ***** piety under Makhleb
 10910 | D:11     | Noticed a white ugly thing
 10919 | D:11     | Killed a white ugly thing
 11243 | D:11     | Reached XP level 12. HP: 113/113 MP: 11/11
 11692 | Lair:1   | Entered Level 1 of the Lair of Beasts
 11775 | Lair:1   | Identified the +11 trident of Wyucho Himy {freeze, *Corrode
                  | Int+3 SInv}
 11775 | Lair:1   | Noticed Joseph
 11785 | Lair:1   | Killed Joseph
 12060 | Lair:1   | Reached skill level 16 in Unarmed Combat
 12173 | Lair:1   | Noticed a six-headed hydra
 12200 | Lair:1   | Killed a six-headed hydra
 12248 | Lair:1   | Reached skill level 10 in Shields
 13077 | Lair:2   | Noticed Fannar
 13095 | Lair:2   | Killed Fannar
 13121 | Lair:2   | Noticed an eight-headed hydra
 13129 | Lair:2   | Killed an eight-headed hydra
 13169 | Lair:2   | Reached skill level 17 in Unarmed Combat
 13196 | Lair:2   | Reached XP level 13. HP: 123/123 MP: 12/12
 14054 | Lair:3   | Reached ****** piety under Makhleb
 14080 | Lair:3   | Noticed Nergalle
 14094 | Lair:3   | Killed Nergalle
 14565 | Lair:3   | Found a hole to the Spider Nest.
 15291 | Lair:4   | Found a staircase to the Swamp.
 16005 | Lair:5   | Reached skill level 18 in Unarmed Combat
 16164 | Lair:5   | Noticed Snorg
 16176 | Lair:5   | Killed Snorg
 16180 | Lair:5   | Found a gate leading to a gauntlet.
 16189 | Gauntlet | Entered a Gauntlet
 16189 | Gauntlet | Found a transporter.
 16388 | Gauntlet | Noticed a dire elephant
 16391 | Gauntlet | Found a transporter.
 16404 | Gauntlet | Found a transporter.
 16407 | Gauntlet | Found a transporter.
 16424 | Gauntlet | Found a transporter.
 16437 | Gauntlet | Found a transporter.
 16441 | Gauntlet | Found a transporter.
 16445 | Gauntlet | Found a transporter.
 16464 | Gauntlet | Found a transporter.
 16469 | Gauntlet | Found a transporter.
 16473 | Gauntlet | Found a transporter.
 16484 | Gauntlet | Found a transporter.
 16961 | Gauntlet | Got a bound crystal amulet
 16978 | Gauntlet | Identified the amulet of Piakkuci {rN+ Regen+ Int+3} (You
                  | found it in a Gauntlet)
 17014 | Gauntlet | Identified the +8 flail "Hydra's Death Toll" {crush, +Blink
                  | rC- Dex+2 Stlth+}
 17014 | Gauntlet | Identified the amulet "Unnaf Acovo" {RegenMP *Corrode MR++
                  | Dex+6}
 17014 | Gauntlet | Noticed a minotaur
 17026 | Gauntlet | Killed a minotaur
 17389 | Lair:5   | Reached skill level 15 in Fighting
 17413 | Lair:5   | Reached XP level 14. HP: 134/135 MP: 13/13
 17758 | Lair:5   | Found the cursed +14 obsidian axe {chop, +Fly SInv *Curse}
 18242 | Lair:6   | Entered Level 6 of the Lair of Beasts
 18458 | Lair:6   | Reached skill level 19 in Unarmed Combat
 18505 | Lair:6   | Found a runed translucent door.
 18505 | Lair:6   | Found a viscous altar of Jiyva.
 18568 | Lair:6   | Found a staircase to the Slime Pits.
 20566 | Orc:1    | Entered Level 1 of the Orcish Mines
 20566 | Orc:1    | Found a roughly hewn altar of Beogh.
 20582 | Orc:1    | Found Nuppu's Antique Armour Shop.
 21040 | Orc:2    | Entered Level 2 of the Orcish Mines
 21040 | Orc:2    | Noticed an orc warlord
 21237 | Orc:1    | Killed an orc warlord
 21382 | Orc:2    | Found a staircase to the Elven Halls.
 21467 | Orc:2    | Found Axasol's Jewellery Emporium.
 21472 | Orc:2    | Bought the ring of Cusabb {rC+ Str+4 Slay+4} for 1703 gold
                  | pieces
 21506 | Orc:2    | Noticed Urug
 21519 | Orc:2    | Killed Urug
 21814 | Orc:2    | Reached XP level 15. HP: 131/144 MP: 14/14
 21955 | Orc:2    | Found Ralul's Distillery.
 21957 | Orc:2    | Found Fuariago's Food Emporium.
 22326 | Orc:1    | Reached skill level 20 in Unarmed Combat
 22429 | Orc:2    | Bought a potion of curing for 39 gold pieces
 22429 | Orc:2    | Bought 2 potions of heal wounds for 130 gold pieces
 22429 | Orc:2    | Bought a potion of curing for 39 gold pieces
 22882 | Orc:2    | Found Raod's Book Shop.
 22882 | Orc:2    | Found a one-way gate leading to the halls of Pandemonium.
 22882 | Orc:2    | Found Iguteg's Antique Weapon Boutique.
 23404 | D:12     | Found a flagged portal.
 23418 | Bailey   | Entered a bailey
 23545 | Bailey   | Found an iron altar of Okawaru.
 24380 | D:12     | Found a runed translucent door.
 24393 | D:12     | Found a runed translucent door.
 24408 | D:12     | Found a runed translucent door.
 24420 | D:12     | Found a runed translucent door.
 25109 | D:13     | Reached skill level 15 in Shields
 25381 | D:13     | Reached skill level 21 in Unarmed Combat
 25920 | D:13     | Noticed Nessos
 25932 | D:13     | Killed Nessos
 25932 | D:13     | Reached XP level 16. HP: 149/155 MP: 15/15
 25961 | D:13     | Got a pair of crude boots
 25972 | D:13     | Identified the +0 pair of boots of the Tundras {*Corrode
                  | +Fly MR+} (You found it on level 13 of the Dungeon)
 26613 | D:14     | Paralysed by an ogre mage for 3 turns
 26832 | D:14     | Found Ranuats's General Store.
 26840 | D:14     | Bought a potion of heal wounds for 55 gold pieces
 26966 | D:14     | Found a gate to the Vaults.
 27339 | D:15     | Entered Level 15 of the Dungeon
 27983 | D:15     | Found a staircase to the Depths.
 27998 | D:15     | Reached skill level 1 in Armour
 28265 | Swamp:1  | Entered Level 1 of the Swamp
 28532 | Swamp:1  | Noticed a thorn hunter
 28546 | Swamp:1  | Killed a thorn hunter
 28704 | Swamp:1  | Reached skill level 5 in Armour
 28770 | Swamp:1  | Reached skill level 22 in Unarmed Combat
 30150 | Swamp:3  | Reached XP level 17. HP: 163/163 MP: 16/16
 30490 | Swamp:4  | Entered Level 4 of the Swamp
 30743 | Swamp:3  | Reached skill level 10 in Armour
 31250 | Swamp:4  | Got a decaying rune of Zot
 31754 | Spider:1 | Entered Level 1 of the Spider Nest
 32625 | Spider:2 | HP: 5/166 [spark wasp/living lightning[a torpor snail]
                  | (32)]
 32626 | Spider:2 | Slain by a wolf spider

Skill      XL: |  1  2  3  4  5  6  7  8  9 10 11 12 13 14 15 16 17 |
---------------+----------------------------------------------------+-----
Fighting       | 4 5 6 7 8 10 11 12 13 15 16 17 18 | 18.5
Unarmed Combat | 4 5 6 7 9 10 12 14 15 17 18 19 21 22 | 22.8
Shields        | 4 6 9 11 12 14 15 16 | 16.9
Armour         | 8 13 | 13.2
Dodging        | |  3.2
Stealth        | |  1.5

Action                   |  1- 3 |  4- 6 |  7- 9 | 10-12 | 13-15 | 16-18 || total
-------------------------+-------+-------+-------+-------+-------+-------++-------
Melee: Unarmed           |    78 |    72 |   357 |   727 |  1513 |   982 ||  3729
       Headbutt          |    13 |    11 |    61 |   181 |   367 |   252 ||   885
       Punch             |     3 |       |    10 |       |       |       ||    13
Evoke: Wand              |       |       |       |       |    17 |       ||    17
       Lightning rod     |       |       |       |       |     2 |       ||     2
  Use: Scroll            |       |     9 |    10 |     4 |    16 |     5 ||    44
       Potion            |       |     1 |       |     2 |     6 |     1 ||    10
 Stab: Sleeping          |     5 |     2 |       |       |       |       ||     7
  Eat: Chunk             |       |     6 |    22 |    18 |    34 |    19 ||    99
       Ration            |       |       |     1 |       |     1 |     1 ||     3
Armor: Robe              |     9 |     2 |       |       |       |       ||    11
       Scale mail        |       |     5 |    43 |       |       |       ||    48
       Chain mail        |       |       |   116 |    18 |       |       ||   134
       Plate armour      |       |       |       |   231 |   440 |   473 ||  1144
Dodge: Dodged            |    44 |    38 |   148 |   105 |   201 |   226 ||   762
Block: Shield            |       |       |    62 |   433 |   979 |   735 ||  2209
